 Dungeon Crawl Stone Soup version 0.22-a0-238-gd711f9382e (webtiles) character file.

1582 MrRokkomies the Carver (level 9, -12/55 HPs)
             Began as a Halfling Abyssal Knight on Feb 21, 2018.
             Was a Priest of Lugonu.
             Killed from afar by Dowan (25 damage)
             ... with a shard of ice
             ... on level 6 of the Dungeon.
             The game lasted 00:13:39 (7476 turns).

MrRokkomies the Carver (Halfling Abyssal Knight)    Turns: 7476, Time: 00:13:39

Health: -12/55     AC: 10    Str: 14 (16) XL:     9   Next: 14%
Magic:  10/10      EV:  6    Int:  8 (10) God:    Lugonu [***...]
Gold:   444        SH: 10    Dex: 13 (14) Spells: 8/8 levels left

rFire    . . .     SeeInvis .   a - +0 long sword
rCold    . . .     Gourm    .   h - +0 shield
rNeg     + . .     Faith    .   n - +1 chain mail
rPois    .         Spirit   .   (no helmet)
rElec    .         Reflect  .   (no cloak)
rCorr    .         Harm     .   (no gloves)
MR       .....                  d - +0 pair of boots
Stlth    ..........             e - amulet of rage
HPRegen  0.18/turn              f - ring of positive energy
MPRegen  0.12/turn              (no ring)

@: berserk cooldown, flying, hasted, very quick
A: small, mutation resistance 1
a: Depart the Abyss, Bend Space, Banish, Renounce Religion, Evoke Berserk Rage


You were on level 6 of the Dungeon.
You worshipped Lugonu.
Lugonu was most pleased with you.
You were not hungry.

You visited 1 branch of the dungeon, and saw 6 of its levels.
You visited the Abyss 1 time.

You collected 444 gold pieces.

Inventory:

Hand Weapons
 a - a +0 long sword (weapon)
 b - a +1 hunting sling
Missiles
 j - a throwing net
 m - 205 stones (quivered)
Armour
 d - a +0 pair of boots (worn)
 h - a +0 shield (worn)
 n - a +1 chain mail (worn)
Magical Staves
 i - an uncursed staff of conjuration
Jewellery
 e - an amulet of rage (around neck)
 f - a ring of positive energy (left hand)
Wands
 o - a wand of flame (12)
Scrolls
 g - 4 scrolls of remove curse
 k - a scroll of magic mapping
 p - 2 scrolls of enchant weapon
Potions
 l - 3 potions of haste
 q - a potion of flight
Comestibles
 c - 7 rations


   Skills:
 - Level 2.8 Fighting
 * Level 8.0 Long Blades
 - Level 5.0 Slings
 - Level 2.1 Armour
 - Level 1.1 Dodging
 * Level 7.1 Shields
 - Level 2.0 Invocations


You had 8 spell levels left.
You didn't know any spells.

Dungeon Overview and Level Annotations

Branches:
Dungeon (6/15)             Temple (0/1) D:5

Altars:

Annotations:
D:6 Dowan


Innate Abilities, Weirdness & Mutations

You are small and have problems with some larger weapons.
You are somewhat resistant to further mutation.


Message History

Dowan barely misses you.
You riposte.
You closely miss Dowan.
Dowan is severely wounded.
You closely miss Dowan.
Dowan is severely wounded.
You hit Dowan but do no damage.
Dowan is severely wounded.
You block Dowan's attack.
You hit Dowan.
Dowan is almost dead.
Dowan casts a spell.
Dowan seems to speed up.
Evoke which item? (* to show all) (? for menu, Esc to quit)
Aiming: Throw Flame
Press: ? - help, Shift-Dir - straight line, f/p - Dowan
Aim: Dowan, wielding a dagger and wearing a robe (almost dead, fast)
The puff of flame hits Dowan.
Dowan is almost dead.
Dowan gestures at you while chanting. The shard of ice hits you!
You die...

....( ..........# ...
........... .(.
....[...... ...
.......<... ##.##
.......##.. ... ....... .
###### #.# ....... .
#..$$# #.# .........
#..#....#####@#.........#.
........<(((()e........###
..#....†####..###......
##............. ..
.......h...........
.....e........#####
####.h........#
#.##.......# .h ##......#


You could see Dowan.

Vanquished Creatures
  Grinder (D:4)
  A water moccasin (D:5)
  Duvessa (D:6)
  An ogre (D:4)
  2 centaurs
  A bullfrog (D:6)
  4 scorpions
  A crimson imp (D:4)
  A bullfrog zombie (D:5)
  3 orc priests
  3 orc wizards
  A centaur skeleton (D:4)
  An iguana (D:4)
  Jessica (D:2)
  Natasha (twice) (D:2)
  2 worker ants (D:5)
  A hound zombie (D:3)
  8 adders
  A shadow imp (D:5)
  2 oozes
  An adder zombie (D:5)
  4 worms
  A dart slug (D:4)
  6 leopard geckos
  17 orcs
  A ball python (D:1)
  5 giant cockroaches
  6 goblins
  7 hobgoblins
  7 jackals
  2 quokkas
  10 bats
  5 frilled lizards
  8 kobolds
  11 rats
129 creatures vanquished.

Notes
Turn   | Place    | Note
-------+----------+-------------------------------------------
     0 | Abyss:1  | MrRokkomies the Halfling Abyssal Knight began the quest for the Orb.
     0 | Abyss:1  | Reached XP level 1. HP: 15/15 MP: 2/2
    13 | Abyss:2  | Found a corrupted altar of Lugonu.
    86 | Abyss:2  | Noticed a small abomination
    99 | Abyss:2  | Noticed a small abomination
   104 | D:1      | Escaped the Abyss
   649 | D:1      | Reached * piety under Lugonu
   652 | D:1      | Reached skill level 1 in Slings
   652 | D:1      | Reached XP level 2. HP: 20/20 MP: 3/3
   837 | D:1      | Reached XP level 3. HP: 25/25 MP: 4/4
  1264 | D:1      | Reached skill level 3 in Long Blades
  1445 | D:2      | Reached XP level 4. HP: 12/30 MP: 5/5
  1743 | D:2      | Noticed Jessica
  1778 | D:2      | Killed Jessica
  1877 | D:2      | Noticed Natasha
  1892 | D:2      | Killed Natasha
  1892 | D:2      | Reached XP level 5. HP: 13/36 MP: 6/6
  2690 | D:2      | Noticed Natasha
  2710 | D:2      | Killed Natasha
  2710 | D:2      | Reached skill level 4 in Long Blades
  3266 | D:3      | Reached ** piety under Lugonu
  3283 | D:3      | Reached skill level 5 in Slings
  3320 | D:3      | Reached XP level 6. HP: 32/41 MP: 7/7
  3493 | D:3      | Reached skill level 1 in Shields
  4136 | D:4      | Noticed an ogre
  4142 | D:4      | Killed an ogre
  4190 | D:4      | Reached skill level 5 in Long Blades
  4190 | D:4      | Reached XP level 7. HP: 38/45 MP: 8/8
  4642 | D:4      | Noticed Grinder
  4659 | D:5      | Entered Level 5 of the Dungeon
  4819 | D:4      | Killed Grinder
  4819 | D:4      | Reached skill level 6 in Long Blades
  4819 | D:4      | Reached XP level 8. HP: 15/51 MP: 9/9
  5186 | D:5      | Reached skill level 5 in Shields
  5237 | D:4      | Reached *** piety under Lugonu
  5768 | D:5      | Found a staircase to the Ecumenical Temple.
  5790 | D:5      | Reached skill level 7 in Long Blades
  7403 | D:6      | Noticed Duvessa
  7404 | D:6      | Noticed Dowan
  7409 | D:6      | Reached XP level 9. HP: 55/55 MP: 10/10
  7445 | D:6      | Killed Duvessa
  7447 | D:6      | Reached skill level 8 in Long Blades
  7476 | D:6      | Killed from afar by Dowan

Vault maps used:
D:1:      lemuel_arrival_hallway, minmay_cut_off
D:2:      item_on_display_a, uniq_jessica, uniq_natasha
D:4:      small_statue_intersection, uniq_grinder
D:5:      minmay_temple_entry_overgrown, first_ration, minmay_misc_feat_ornament
D:6:      kennysheep_path_1, grunt_ministairs_11, uniq_duvessa

Skill      XL: |  1  2  3  4  5  6  7  8  9 |
---------------+----------------------------+-----
Slings         | 1 2 3 4 5 |  5.0
Long Blades    | 3 4 5 6 7 8 |  8.0
Shields        | 2 4 6 7 |  7.1
Fighting       | |  2.8
Armour         | |  2.1
Dodging        | |  1.1
Invocations    | |  2.0

Action                   |  1- 3 |  4- 6 |  7- 9 || total
-------------------------+-------+-------+-------++-------
Melee: Falchion          |   123 |   251 |    25 ||   399
       Long sword        |       |       |   284 ||   284
 Fire: Hunting sling     |       |    10 |       ||    10
Throw: Throwing net      |       |       |     1 ||     1
Invok: Depart the Abyss  |     1 |       |       ||     1
 Abil: Evoke Berserk Rag |       |     3 |     4 ||     7
Evoke: Wand              |       |       |     6 ||     6
  Use: Scroll            |     4 |     6 |     1 ||    11
       Potion            |       |     3 |     5 ||     8
 Stab: Held in net/web   |       |       |     1 ||     1
  Eat: Chunk             |     2 |    11 |     6 ||    19
       Ration            |       |       |     3 ||     3
Armor: Scale mail        |    55 |       |       ||    55
       Chain mail        |     9 |   109 |   153 ||   271
Dodge: Dodged            |    91 |    53 |    61 ||   205
Block: Shield            |       |    75 |   166 ||   241
       Rpst.: Falchion   |    29 |    16 |     1 ||    46
       Long sword        |       |       |    17 ||    17

Table legend:
 A = Spawn XP
 B = Non-spawn XP
 C = Spawn XP percentage of total XP
 D = Spawn monster count
 E = Non-spawn monster count
 F = Spawn count percentage of total count
 G = Total turns spent on level
                    A         B        C        D         E        F      G
               +---------+---------+-------+---------+---------+-------+---------
         Total |       0 |    2261 |   0.0 |       0 |     129 |   0.0 |  7476
               +---------+---------+-------+---------+---------+-------+---------
           D:1 |       0 |      53 |   0.0 |       0 |      33 |   0.0 |  1214
           D:2 |       0 |     186 |   0.0 |       0 |      17 |   0.0 |  1823
           D:3 |       0 |     122 |   0.0 |       0 |      32 |   0.0 |   987
           D:4 |       0 |     750 |   0.0 |       0 |      16 |   0.0 |  1078
           D:5 |       0 |     800 |   0.0 |       0 |      23 |   0.0 |  2192
           D:6 |       0 |     350 |   0.0 |       0 |       8 |   0.0 |    78
               +---------+---------+-------+---------+---------+-------+---------
